 Dungeon Crawl Stone Soup version 0.28-a0-529-g3bad584f25 (webtiles) character file.

Game seed: 8506424811222338587

5629 siradein the Chucker (level 10, -2/98 HPs)
             Began as a Troll Hunter on Sept 25, 2021.
             Was an Elder of Okawaru.
             Slain by a troll (12 damage)
             ... on level 9 of the Dungeon.
             The game lasted 00:13:41 (8149 turns).

siradein the Chucker (Troll Hunter)                 Turns: 8149, Time: 00:13:42

Health: -2/98      AC:  6    Str: 29    XL:     10   Next: 46%
Magic:  1/3        EV: 14    Int:  7    God:    Okawaru [****..]
Gold:   493        SH:  0    Dex: 12    Spells: 9/9 levels left

rFire   + . .      SeeInvis +   w - +9 long sword of the Heavens {antimagic, *Rage rElec rF+ Stlth-}
rCold   . . .      Faith    +   (no shield)
rNeg    . . .      Spirit   .   q - +1 robe {Will+}
rPois   .          Reflect  .   (helmet restricted)
rElec   +          Harm     .   p - +0 cloak
rCorr   .          Rampage  .   (gloves unavailable)
Will    +....      Rage     20% (boots unavailable)
Stlth   ++........              B - amulet of faith
HPRegen 1.26/turn               h - ring of see invisible
MPRegen 0.08/turn               m - +6 ring of strength

@: heroic, slowed, very slow
A: large, unfitting armour, claws 3, regeneration 1, shaggy fur 1, tough skin 1
a: Renounce Religion, Heroism, Finesse


You were on level 9 of the Dungeon.
You worshipped Okawaru.
Okawaru was greatly pleased with you.
You visited 2 branches of the dungeon, and saw 10 of its levels.

You collected 493 gold pieces.

Inventory:

Hand Weapons
 w - the +9 long sword of the Heavens (weapon) {antimagic, *Rage rElec rF+ Stlth-}
   (You found it on level 4 of the Dungeon)

   It reduces the magical energy of the wielder, and disrupts the spells and
   magical abilities of those it strikes.
   Natural abilities and divine invocations are not affected.
   rF:        It protects you from fire.
   rElec:     It insulates you from electricity.
   *Rage:     It lets you go berserk by making a melee attack (+20% chance).
   Stlth:     It makes you less stealthy.
Missiles
 a - 270 stones (quivered)
 c - 10 large rocks
 d - 6 throwing nets
 C - 52 poisoned darts
 J - 6 silver boomerangs
 K - 9 javelins
Armour
 p - a +0 cloak (worn)
 q - a +1 robe of willpower (worn)
Jewellery
 f - a ring of magical power
 h - a ring of see invisible (left claw)
 m - a +6 ring of strength (right claw)
 B - an amulet of faith (around neck)
 H - an amulet of the acrobat
 L - a ring of resist corrosion
 O - a ring of protection from cold
 Q - a +6 ring of intelligence
Wands
 r - a wand of iceblast (32)
 y - a wand of paralysis (14)
 N - a wand of digging (4)
Scrolls
 b - 3 scrolls of magic mapping {unknown}
 g - 3 scrolls of fog {unknown}
 i - 2 scrolls of blinking {unknown}
 k - 3 scrolls of teleportation {unknown}
 n - 6 scrolls of identify {unknown}
 o - 2 scrolls of silence {unknown}
 t - 4 scrolls of vulnerability {unknown}
 u - a scroll of amnesia {unknown}
 A - a scroll of torment {unknown}
 E - a scroll of enchant armour {unknown}
 G - a scroll of holy word {unknown}
 I - 2 scrolls of noise {unknown}
 P - a scroll of summoning {unknown}
 R - a scroll of enchant weapon {unknown}
Potions
 e - 6 potions of flight {unknown}
 j - a potion of invisibility {unknown}
 l - 7 potions of curing {unknown}
 s - a potion of ambrosia {unknown}
 v - 3 potions of lignification {unknown}
 x - a potion of resistance
 z - a potion of degeneration {unknown}
 D - a potion of haste {unknown}
 F - 2 potions of brilliance {unknown}
 M - a potion of experience {unknown}
 T - a potion of magic {unknown}
Miscellaneous
 S - a lightning rod (4/4)


   Skills:
 + Level 6.2(11.2) Fighting
 * Level 6.2(11.2) Long Blades
 - Level 0.1(5.1) Maces & Flails
 + Level 7.5(12.5) Throwing
 + Level 6.2(11.2) Dodging
 - Level 0.3(5.3) Stealth
 - Level 2.2(7.2) Unarmed Combat
 + Level 3.1 Invocations
 + Level 2.5 Evocations


You had 9 spell levels left.
You didn't know any spells.
Your spell library contained the following spells:

 Spells                   Type           Power      Damage    Failure   Level
 Foxfire                  Conj/Fire      0%         2x1d4     43%         1
 Pain                     Necr           0%         1d4       43%         1
 Corpse Rot               Necr/Air       N/A        N/A       56%         2
 Ensorcelled Hibernation  Hex/Ice        0%         N/A       56%         2
 Poisonous Vapours        Pois/Air       0%         N/A       56%         2
 Conjure Flame            Conj/Fire      0%         6-21      80%         3
 Gell's Gravitas          Tloc           0%         N/A       80%         3
 Inner Flame              Hex/Fire       0%         N/A       80%         3
 Lesser Beckoning         Tloc           0%         N/A       80%         3
 Spider Form              Tmut/Pois      0%         N/A       80%         3
 Teleport Other           Tloc           0%         N/A       80%         3
 Vampiric Draining        Necr           0%         2d6       80%         3
 Flame Wave               Conj/Fire      0%         3d3       99%         4
 Ice Form                 Ice/Tmut       0%         N/A       99%         4
 Passage of Golubria      Tloc           N/A        N/A       99%         4
 Petrify                  Tmut/Erth      0%         N/A       99%         4
 Irradiate                Conj/Tmut      0%         3d14      100%        5
 Metabolic Englaciation   Hex/Ice        0%         N/A       100%        5
 Statue Form              Tmut/Erth      0%         N/A       100%        6
 Animate Skeleton         Necr           Unusable   N/A       N/A         1

Dungeon Overview and Level Annotations

Branches:
Dungeon (9/15)             Temple (1/1) D:4
   Lair: D:8-11         Orc: D:9-12

Altars:
Ashenzari
Cheibriados
Dithmenos
Elyvilon
Fedhas
Gozag
Hepliaklqana
Kikubaaqudgha
Makhleb
Nemelex Xobeh
Okawaru
Qazlal
Ru
Sif Muna
Trog
Uskayaw
Wu Jian
Xom
Yredelemnul
Zin
The Shining One

Annotations:
D:7 2 runed translucent doors, willcat's ghost, amateur OpDe


Innate Abilities, Weirdness & Mutations

You are too large for most types of armour.
You have claws for hands.
Your natural rate of healing is unusually fast.
You are covered in fur. (AC +1)
You have tough skin. (AC +1)


Message History

The wraith hits you! The wraith drains your vigour!
You feel as though you will be slow longer.
You hear an angry buzzing noise.
You hear a howl!
You hear an angry buzzing noise.
The troll barely misses you. The troll completely misses you. x2
A killer bee comes into view.
The wraith barely misses you. The troll bites you! The troll claws you.
* * * LOW HITPOINT WARNING * * *
The troll claws you but does no damage.
A killer bee comes into view.
The killer bee buzzes angrily.
A killer bee comes into view.
The wraith hits you. The wraith drains your vigour!
You feel as though you will be slow longer.
The howler monkey hoots and howls with incredible vigour!
The troll barely misses you. The troll claws you.
* * * LOW HITPOINT WARNING * * *
The troll claws you!
* * * LOW HITPOINT WARNING * * *
The killer bee buzzes angrily.
You hear a howl! x2
The wraith misses you.
The howler monkey hoots and howls with incredible vigour!
The troll bites you.
* * * LOW HITPOINT WARNING * * *
The troll misses you. The troll claws you!
* * * LOW HITPOINT WARNING * * *
The troll bites you.
* * * LOW HITPOINT WARNING * * *
The troll barely misses you. The troll closely misses you.
The wraith barely misses you.
A howler monkey comes into view.
The troll barely misses you. The troll claws you.
* * * LOW HITPOINT WARNING * * *
The troll claws you but does no damage.
You gain the combat prowess of a mighty hero.
The troll closely misses you. The troll claws you.
* * * LOW HITPOINT WARNING * * *
The troll claws you!
You die...

........<........................
....................)............
#################.).#############
#.))# #############...#
................########
........................
.........................
############@#########..#
#T####### #..# #Wy.....# #..#
#yy.....# #..# #h.###..# #..#
#..'_#..# #..#####
#########..###..###.......
....yy....................
.......y..............†...


You could see a troll, a wraith, a howler monkey and 3 killer bees.

Vanquished Creatures
  Harold (D:8)
  Psyche (D:8)
  Grinder (D:4)
  A hornet (D:8)
  3 yaks (D:9)
  Grum (D:8)
  Menkaure (D:4)
  2 water moccasins
  2 orc warriors
  An ice beast (D:8)
  A black bear (D:6)
  A necrophage (D:5)
  3 sky beasts (D:6)
  2 ogres
  3 wolves (D:8)
  2 centaurs
  The ghost of AlleluiaPinecone the Sneak, an amateur VSBr (D:4)
  5 bullfrogs
  4 scorpions
  A water moccasin zombie (D:5)
  8 wights
  4 howler monkeys
  3 centaur zombies
  2 hounds (D:7)
  4 orc priests
  Crazy Yiuf (D:2)
  2 jellies
  6 iguanas
  A centaur skeleton (D:6)
  Natasha (thrice) (D:4)
  6 orc wizards
  2 human simulacra (D:9)
  A howler monkey zombie (D:8)
  Robin (D:2)
  3 gnolls (D:2)
  6 adders
  A shadow imp (D:8)
  An adder skeleton (D:4)
  A dart slug (D:1)
  29 orcs
  10 ball pythons
  7 endoplasms
  2 giant cockroaches
  19 goblins
  10 hobgoblins
  5 kobolds
  4 quokkas
  5 bats
  2 frilled lizards (D:1)
  6 rats
192 creatures vanquished.

Notes
Turn   | Place    | Note
-------+----------+-------------------------------------------
     0 | D:1      | siradein the Troll Hunter began the quest for the Orb.
     0 | D:1      | Reached XP level 1. HP: 19/19 MP: 0/0
   220 | D:1      | Reached XP level 2. HP: 28/28 MP: 1/1
   417 | D:1      | Reached skill level 1 in Unarmed Combat
   451 | D:1      | Found a faded altar of an unknown god.
   650 | D:1      | Reached XP level 3. HP: 35/35 MP: 2/2
  1006 | D:2      | Reached skill level 4 in Throwing
  1093 | D:2      | Reached XP level 4. HP: 42/42 MP: 3/3
  1226 | D:2      | Noticed Robin
  1312 | D:2      | Killed Robin
  1816 | D:2      | Found a runed translucent door.
  1817 | D:2      | Noticed Crazy Yiuf
  1992 | D:2      | Killed Crazy Yiuf
  1993 | D:2      | Reached XP level 5. HP: 34/50 MP: 4/4
  2853 | D:4      | Noticed Grinder
  2856 | D:4      | Paralysed by Grinder for 4 turns
  2873 | D:4      | Paralysed by Grinder for 5 turns
  2957 | D:4      | Identified the +9 long sword of the Heavens {antimagic,
                  | *Rage rElec rF+ Stlth-}
  2961 | D:4      | Paralysed by Grinder for 7 turns
  2977 | D:4      | Killed Grinder
  2978 | D:4      | Reached skill level 1 in Long Blades
  2978 | D:4      | Reached XP level 6. HP: 37/61 MP: 1/5
  3019 | D:4      | Found a staircase to the Ecumenical Temple.
  3037 | D:4      | Reached XP level 7. HP: 67/67 MP: 2/6
  3077 | Temple   | Entered the Ecumenical Temple
  3173 | Temple   | Became a worshipper of Warmaster Okawaru
  3260 | D:4      | Found a runed translucent door.
  3260 | D:4      | Noticed AlleluiaPinecone's ghost (amateur VSBr)
  3314 | D:4      | Found a glowing golden altar of the Shining One.
  3327 | D:4      | Noticed Natasha
  3335 | D:4      | Killed Natasha
  3335 | D:4      | Noticed Natasha
  3336 | D:4      | Reached skill level 5 in Throwing
  3342 | D:4      | Noticed Menkaure
  3351 | D:4      | Killed Menkaure
  3422 | D:4      | Killed Natasha
  3807 | D:4      | Got the Handbook of the Fletcher
  3906 | D:4      | Noticed Natasha
  3908 | D:4      | Killed Natasha
  3968 | D:4      | Killed AlleluiaPinecone's ghost
  4019 | D:5      | Entered Level 5 of the Dungeon
  4151 | D:5      | Reached XP level 8. HP: 78/78 MP: 2/7
  4272 | D:5      | Reached * piety under Okawaru
  4934 | D:6      | Reached skill level 6 in Throwing
  5127 | D:6      | Found an ornate altar of the Wu Jian Council.
  5239 | D:6      | Reached ** piety under Okawaru
  5240 | D:6      | Reached skill level 5 in Fighting
  5245 | D:6      | Reached skill level 5 in Dodging
  5287 | D:6      | Found a bloodstained altar of Trog.
  5345 | D:6      | Reached XP level 9. HP: 86/88 MP: 2/8
  5808 | D:7      | Found an opulent altar of Gozag.
  5856 | D:7      | Found a large runed translucent door.
  5857 | D:7      | Found a large runed translucent door.
  6011 | D:7      | Reached *** piety under Okawaru
  6137 | D:7      | Noticed willcat's ghost (amateur OpDe)
  6181 | D:7      | Reached skill level 1 in Invocations
  6205 | D:7      | Found a stormy altar of Qazlal.
  6272 | D:7      | Reached skill level 1 in Evocations
  6397 | D:7      | Reached skill level 5 in Long Blades
  6684 | D:8      | Noticed Harold
  6695 | D:8      | Killed Harold
  6695 | D:8      | Received a gift from Okawaru
  6696 | D:8      | Reached skill level 7 in Throwing
  6780 | D:8      | Noticed Psyche
  6799 | D:8      | Killed Psyche
  6799 | D:8      | Received a gift from Okawaru
  6800 | D:8      | Reached XP level 10. HP: 98/98 MP: 3/10
  6877 | D:8      | Noticed Grum
  6943 | D:8      | Killed Grum
  7644 | D:9      | Reached **** piety under Okawaru
  8084 | D:9      | Received a gift from Okawaru
  8124 | D:9      | Found a shimmering blue altar of Sif Muna.
  8149 | D:9      | Slain by a troll

Illustrated notes

Levels and vault maps discovered:
D:1:      dpeg_arrival_circle_labyrinth_c, layout_basic,
          dreamdust_ecumenical_altar_angels_and_demons, chequers_jeans,
          minmay_quantized
D:2:      layout_basic, uniq_crazy_yiuf_cottage, uniq_robin
D:3:      layout_basic, moated_statue
D:4:      layout_rooms, tso_metal_star, minmay_temple_entry_grid,
          ebering_ghost_sewer_d, uniq_natasha, uniq_menkaure, uniq_grinder
D:5:      layout_loops_cross
D:6:      layout_rooms, trog_three_pillars_becter, mainiacjoe_overflow_paths
D:7:      layout_basic, nicolae_gozag_seed_capital,
          nicolae_qazlal_general_emergency, ebering_ghost_disaster_area
D:8:      layout_gridville, sigmund_army, uniq_grum, uniq_harold, uniq_psyche
D:9:      layout_long_grid, kennysheep_mini_moat, bh_circular_ruins
Temple:   regret_index_temple_waves

Skill      XL: |  1  2  3  4  5  6  7  8  9 10 |
---------------+-------------------------------+-----
Fighting       | 2 3 4 5 6 |  6.2
Unarmed Combat | 1 2 |  2.2
Dodging        | 2 3 4 5 6 |  6.2
Throwing       | 4 5 6 7 |  7.5
Long Blades    | 1 2 4 5 6 |  6.2
Invocations    | 2 3 |  3.1
Evocations     | 2 |  2.5
Maces & Flails | |  0.1
Stealth        | |  0.3

Action                   |  1- 3 |  4- 6 |  7- 9 | 10-12 || total
-------------------------+-------+-------+-------+-------++-------
Melee: Unarmed           |    76 |    71 |       |       ||   147
       Punch             |     1 |       |     5 |     2 ||     8
       Mace              |       |    33 |       |       ||    33
       Long sword        |       |    14 |   228 |   101 ||   343
Throw: Stone             |       |     6 |     3 |       ||     9
Invok: Heroism           |       |       |       |     1 ||     1
 Stab: Sleeping          |     2 |     1 |       |       ||     3
Armor: Robe              |    18 |    19 |    57 |    27 ||   121
       Animal skin       |       |    23 |       |       ||    23
       Skin              |       |       |     3 |       ||     3
Dodge: Dodged            |    42 |    65 |   117 |   104 ||   328

Table legend: (Time is in decaauts)
 A = Elapsed time spent in this place.
 B = Non-inter-level travel time spent in this place.
 C = Inter-level travel time spent in this place.
 D = Time resting spent in this place.
 E = Time spent auto-exploring this place.
 F = Levels seen in this place.
 G = Mean time per level.
                   A        B        C        D        E       F      G
               +--------+--------+--------+--------+--------+-----+--------+
         Total |   8588 |   8067 |    521 |   1465 |   4854 |  10 |  858.8 |
       Dungeon |   8454 |   7967 |    487 |   1465 |   4794 |   9 |  939.3 |
        Temple |    133 |     99 |     34 |      0 |     60 |   1 |  133.0 |
               +--------+--------+--------+--------+--------+-----+--------+

Top non-repeatable levels by time:
     D:4: 1213 daAuts
     D:8: 1149 daAuts
     D:2: 1097 daAuts
     D:5: 1091 daAuts
     D:1: 981 daAuts
     D:7: 844 daAuts
     D:6: 824 daAuts
     D:3: 696 daAuts
     D:9: 556 daAuts
  Temple: 133 daAuts
